 Dungeon Crawl Stone Soup version 0.19.0-2-gae57169 (webtiles) character file.

25 mopl the Slasher (level 3, 0/24 HPs)
             Began as an Octopode Warper on Nov 4, 2016.
             Slain by Sigmund
             ... wielding a +6 scythe of venom
              (6 damage)
             ... on level 2 of the Dungeon.
             The game lasted 00:02:37 (1263 turns).

mopl the Slasher (Octopode Warper)                  Turns: 1263, Time: 00:02:38

Health: 0/24       AC:  1    Str: 10    XL:     3   Next: 6%
Magic:  6/6        EV: 13    Int: 15    God:
Gold:   79         SH:  0    Dex: 12    Spells: 2 memorised, 2 levels left

rFire  . . .     SeeInvis .     a - +0 falchion
rCold  . . .     Gourm    .     (no shield)
rNeg   . . .     Faith    .     (helmet restricted)
rPois  .         Spirit   .     (no amulet)
rElec  .         Reflect  .     h - ring of stealth
rCorr  .         Harm     .     (no ring)
MR     .....                    (no ring)
Stlth  +++.......               (no ring)
                                (no ring)
                                (no ring)
                                (no ring)
                                (no ring)

@: confused, lethally poisoned (0 -> -16)
A: almost no armour, stealthy swim, amphibious, 8 rings, constrict 8, camouflage
1, gelatinous body 1
a: no special abilities


You were on level 2 of the Dungeon.
You were not hungry.

You visited 1 branch of the dungeon, and saw 2 of its levels.

You collected 79 gold pieces.

Inventory:

Hand Weapons
 a - a +0 falchion (weapon)
Missiles
 d - 5 tomahawks of dispersal (quivered)
Jewellery
 h - a ring of stealth (left tentacle)
Scrolls
 c - a scroll of blinking
 e - 2 scrolls of identify {unknown}
 g - a scroll of fear {unknown}
 m - 2 scrolls of remove curse
 p - a scroll of teleportation {unknown}
Potions
 j - a potion of resistance {unknown}
 l - a potion of cure mutation {unknown}
 r - 2 potions of flight {unknown}
Books
 b - a book of Spatial Translocations

   Spells                             Type                      Level
   a - Blink                          Translocation                2
   b - Shroud of Golubria             Charms/Translocation         2
   c - Lesser Beckoning               Translocation                3
   d - Portal Projectile              Translocation                3
   e - Teleport Other                 Translocation                3
   f - Passage of Golubria            Translocation                4
Comestibles
 f - 2 bread rations
 n - a meat ration
 o - a beef jerky


   Skills:
 - Level 2.0 Fighting
 * Level 3.1 Long Blades
 - Level 1.0 Throwing
 - Level 2.3 Dodging
 + Level 1.7 Stealth
 - Level 2.0 Spellcasting
 - Level 3.0 Translocations


You had 2 spell levels left.
You knew the following spells:

 Your Spells              Type           Power        Failure   Level  Hunger
a - Shroud of Golubria    Chrm/Tloc      #.........   17%         2    ###....
e - Blink                 Tloc           N/A          12%         2    ###....


Dungeon Overview and Level Annotations

Branches:
Dungeon (2/15)

Altars:

Annotations:
D:2 Sigmund


Innate Abilities, Weirdness & Mutations

You cannot wear most types of armour.
You are very stealthy in the water. (Stealth+)
You are amphibious.
You can wear up to eight rings at the same time.
You can use your tentacles to constrict eight enemies at once.
Your skin changes colour to match your surroundings (Stealth+).
Your rubbery body absorbs attacks. (AC +1, EV +1)


Message History

You climb downwards.
Level annotation: Sigmund
There is a stone staircase leading up here.
Sigmund casts a spell at you.
You are confused.
Unknown command.
Sigmund barely misses you.
There is a stone staircase leading up here.
Sigmund gestures wildly while chanting.
Sigmund flickers and vanishes!
Deactivating autopickup; reactivate with Ctrl-A.
In your confused state, you trip and fall back down the stairs.
Something hits you!
Ouch! That really hurt!
You are lethally poisoned!
Unknown command.
You feel sick.
In your confused state, you trip and fall back down the stairs.
* * * LOW HITPOINT WARNING * * *
x2 You feel sick.
Something hits you.
You die...

.#.##.#######...###.#
.#.##...........# #.#
##.##########...###.#
... #..#...## #.#
#..##.## .#####..##.#
........##.#
..######{##.#
#.........@.#
#############


There were no monsters in sight!

Vanquished Creatures
  2 dart slugs
  A leopard gecko (D:1)
  A giant cockroach (D:2)
  2 goblins
  2 hobgoblins (D:1)
  3 ball pythons (D:1)
  4 bats
  3 frilled lizards
  2 kobolds
  A rat (D:2)
21 creatures vanquished.

Notes
Turn   | Place    | Note
-------+----------+-------------------------------------------
     0 | D:1      | mopl the Octopode Warper began the quest for the Orb.
     0 | D:1      | Reached XP level 1. HP: 14/14 MP: 3/3
   219 | D:1      | Reached skill level 1 in Stealth
   219 | D:1      | Reached XP level 2. HP: 7/19 MP: 5/5
   960 | D:2      | Reached skill level 3 in Long Blades
  1120 | D:2      | Reached XP level 3. HP: 17/24 MP: 6/6
  1232 | D:2      | Noticed Sigmund
  1243 | D:1      | Learned a level 2 spell: Blink
  1246 | D:1      | Learned a level 2 spell: Shroud of Golubria
  1263 | D:2      | Slain by Sigmund

Skill      XL: |  1  2 |
---------------+-------+-----
Stealth        | 1 |  1.7
Long Blades    | 3 |  3.1
Fighting       | |  2.0
Throwing       | |  1.0
Dodging        | |  2.3
Spellcasting   | |  2.0
Translocations | |  3.0

Action                   || total
-------------------------++-------
Melee: Falchion          ||    43
       Constrict         ||    11
       Tentacles         ||     6
  Use: Scroll            ||     1
 Stab: Sleeping          ||     9
  Eat: Chunk             ||     1
Armor: Skin              ||     5
Dodge: Dodged            ||    28
       Rpst.: Falchion   ||     8
